 Dungeon Crawl Stone Soup version 0.23.2-30-g0e89c35649 (webtiles) character file.

Game seed: 7450006341381886553

106506 enkamrat the Peltast (level 15, -19/146 (147) HPs)
             Began as a Minotaur Berserker on June 23, 2019.
             Was the Champion of Trog.
             Killed from afar by a deep troll earth mage (26 damage)
             ... with a blast of rock fragments
             ... on level 2 of the Depths.
             The game lasted 01:53:50 (21648 turns).

enkamrat the Peltast (Minotaur Berserker)          Turns: 21648, Time: 01:53:50

HP:   -19/146 (147) AC: 23    Str: 30    XL:     15   Next: 97%
MP:   14/14         EV: 11    Int:  4    God:    Trog [******]
Gold: 922           SH: 20    Dex: 14    Spells: 14/14 levels left

rFire    . . .     SeeInvis .   n - +9 eveningstar (flame)
rCold    . . .     Gourm    .   o - +0 shield
rNeg     + . .     Faith    .   O - +0 plate armour
rPois    +         Spirit   .   t - +0 hat
rElec    +         Reflect  +   Z - +2 cloak "Koavuipa" {*Drain rElec rPois}
rCorr    .         Harm     .   e - +0 pair of gloves
MR       ++...                  Q - +1 pair of boots {Stlth+}
Stlth    ..........             U - +4 amulet of reflection
HPRegen  0.34/turn              z - ring of protection from magic
MPRegen  0.14/turn              X - ring "Taeptow" {rN+ Str+4 Dex+2}

@: berserk cooldown, very slightly contaminated, slowed, very slow
A: retaliatory headbutt, horns 2
a: Berserk, Trog's Hand, Brothers in Arms, Renounce Religion


You were on level 2 of the Depths.
You worshipped Trog.
Trog was exalted by your worship.
You were hungry.

You visited 3 branches of the dungeon, and saw 19 of its levels.
You also visited: Gauntlet.

You collected 1795 gold pieces.
You spent 873 gold pieces at shops.

Inventory:

Hand Weapons
 n - a +9 eveningstar of flaming (weapon)
 R - a +1 hand crossbow of velocity
Missiles
 a - 33 tomahawks (quivered)
Armour
 e - a +0 pair of gloves (worn)
 o - a +0 shield (worn)
 t - a +0 hat (worn)
 O - a +0 plate armour (worn)
 Q - a +1 pair of boots of stealth (worn)
 Z - the +2 cloak "Koavuipa" (worn) {*Drain rElec rPois}
   (You found it in a Gauntlet)

   It insulates you from electricity.
   It protects you from poison.
   It causes draining when unequipped.
Jewellery
 j - a +4 ring of strength
 p - an uncursed ring of protection from magic
 z - a ring of protection from magic (left hand)
 M - the ring "Isyeqora" {rCorr rElec rC- MR+ Dex+2}
   (You found it in a Gauntlet)

   [ring of resist corrosion]

   It affects your dexterity (+2).
   It makes you vulnerable to cold.
   It insulates you from electricity.
   It affects your resistance to hostile enchantments.
 U - a +4 amulet of reflection (around neck)
 V - an uncursed ring of positive energy
 X - the ring "Taeptow" (right hand) {rN+ Str+4 Dex+2}
   (You found it in a Gauntlet)

   [ring of positive energy]

   It affects your strength (+4).
   It affects your dexterity (+2).
   It protects you from negative energy.
 Y - a +3 ring of strength
Wands
 d - a wand of paralysis (7)
 q - a wand of iceblast (24)
 y - a wand of random effects (15)
 E - a wand of acid (8)
 H - a wand of flame (17)
Scrolls
 b - 3 scrolls of noise
 i - 5 scrolls of teleportation
 m - a scroll of holy word {unknown}
 r - 7 scrolls of remove curse
 s - a scroll of amnesia
 v - 5 scrolls of immolation
 w - a scroll of magic mapping
 A - 2 scrolls of fog
 B - 3 scrolls of random uselessness
 D - 3 scrolls of identify
 T - a scroll of enchant armour
Potions
 f - 2 potions of lignification {unknown}
 g - 2 potions of brilliance
 h - 2 potions of magic {unknown}
 k - 4 potions of mutation {unknown}
 l - 4 potions of agility {unknown}
 u - 4 potions of curing {unknown}
 C - 4 potions of degeneration {unknown}
 F - 3 potions of resistance {unknown}
 G - a potion of ambrosia {unknown}
 I - a potion of invisibility {unknown}
 J - 2 potions of haste
 K - 4 potions of cancellation {unknown}
 L - 7 potions of might {unknown}
 N - 3 potions of heal wounds {unknown}
 P - 3 potions of flight {unknown}
 W - a potion of berserk rage {unknown}
Comestibles
 c - 13 rations


   Skills:
 * Level 17.5 Fighting
 - Level 16.0 Maces & Flails
 * Level 6.6 Throwing
 + Level 12.1 Armour
 + Level 5.8 Dodging
 + Level 18.1 Shields
 - Level 0.8 Unarmed Combat


You had 14 spell levels left.
You didn't know any spells.
Your spell library was empty.

Dungeon Overview and Level Annotations

Branches:
Dungeon (15/15)            Temple (0/1) D:7            Lair (0/6) D:8
    Orc (2/2) D:10            Elf (0/3) Orc:2        Vaults (0/5) D:14
 Depths (2/5) D:15

Altars:
Dithmenos
Elyvilon
Hepliaklqana
Kikubaaqudgha
Okawaru
Sif Muna
Trog
Uskayaw
Wu Jian
Xom
Yredelemnul
The Shining One
Beogh

Shops:
D:7 ?   D:8 [   Orc:2 **[*   Depths:1 }}=

Portals:
Hell: Depths:1
Trove: D:15 (give +2 gold dragon scales)

Annotations:
D:11 2 transporters, Kobolds4U's ghost, journeyman MiFi


Innate Abilities, Weirdness & Mutations

You reflexively headbutt those who attack you in melee.
You have a pair of horns on your head.


Message History

You block the deep troll earth mage's attack. x3
The deep troll bites you but does no damage.
The deep troll claws you but does no damage.
The deep troll barely misses you.
You hear a grinding noise.
The deep troll earth mage bites you.
* * * LOW HITPOINT WARNING * * *
You block the deep troll earth mage's attack. x2
The deep troll earth mage bites you!
* * * LOW HITPOINT WARNING * * *
The deep troll earth mage claws you.
* * * LOW HITPOINT WARNING * * *
The deep troll earth mage claws you but does no damage.
Blink to where?
Press: ? - help, Dir - move target cursor You are very lightly contaminated with residual magic.
As you read the scroll of blinking, it crumbles to dust.
The deep troll earth mage casts a spell past you.
The wall shatters!
The blast of rock fragments hits you!!
You die...

#.... ...# #.... ....#
#.... ..^.# ..
########..# #...# ...
#...#@.#..####...##...
#....#................
#).<.#...$............
#....#...§T.T.........
#...##....T.T.....###
#'####.####.##...####'
#(....(.'.T...........
#.....................
#.[.....#.............


You could see 2 deep trolls, a deep troll earth mage and a deep troll shaman.

Vanquished Creatures
  A lich (Depths:2)
  Frances (D:12)
  Kirke (D:13)
  2 orc warlords (Depths:1)
  4 stone giants (Depths:1)
  4 very ugly things (Depths:1)
  Azrael (D:15)
  Snorg (D:12)
  Josephine (D:12)
  3 fire dragons
  4 ogre magi (Orc:2)
  A yaktaur captain (Depths:1)
  A hydra (D:14)
  5 vault guards
  2 centaur warriors
  An ice dragon (Depths:1)
  A death knight (D:15)
  15 two-headed ogres
  A deep troll shaman (Depths:1)
  3 tengu warriors (D:14)
  A deep troll earth mage (Depths:1)
  An orc high priest (Orc:2)
  A vampire mage (D:15)
  7 skeletal warriors
  A storm dragon skeleton (D:15)
  An iron troll (Depths:1)
  3 unseen horrors
  5 deep trolls
  A necromancer (D:15)
  5 orc knights
  4 orc sorcerers
  27 ugly things
  A deep elf mage (D:12)
  A cyclops (D:15)
  3 manticores
  A stone giant skeleton (D:15)
  A spriggan zombie (D:15)
  A gargoyle (D:13)
  3 centaur skeletons
  4 kobold demonologists
  9 yaktaurs
  A freezing wraith (D:15)
  A guardian mummy (D:15)
  5 trolls
  A spriggan skeleton (D:15)
  3 tengu conjurers
  A hornet (D:13)
  8 slime creatures
  Grinder (D:3)
  3 hippogriffs
  A hippogriff (shapeshifter) (Depths:1)
  A meliai zombie (D:12)
  3 centaur simulacra
  A shadow (D:11)
  2 water elementals (Depths:1)
  6 wraiths
  A wyvern (D:15)
  A vampire (D:11)
  Eustachio (D:4)
  11 yaks
  3 hogs
  2 hungry ghosts
  5 fire elementals (D:15)
  3 humans
  9 vampire mosquitoes
  3 basilisks
  3 wargs
  2 acid dragons (D:14)
  A water moccasin (D:14)
  3 hell hounds (D:15)
  2 porcupines
  An ice beast (D:10)
  2 black bears
  20 orc warriors
  An eye of draining (D:13)
  24 ogres
  6 sky beasts
  12 centaurs
  4 phantoms
  3 crocodiles
  6 big kobolds
  17 bullfrogs
  5 scorpions
  25 killer bees
  10 wights
  4 electric eels (D:9)
  6 howler monkeys
  2 bullfrog zombies (D:5)
  5 centaur zombies
  6 crimson imps
  4 jellies
  6 hounds
  Crazy Yiuf (D:6)
  A gnoll shaman (D:5)
  3 bullfrog skeletons
  12 orc priests
  2 iron imps (Gauntlet)
  19 orc wizards
  5 iguanas
  Natasha (thrice) (D:4)
  10 worker ants
  A killer bee zombie (D:8)
  A worker ant zombie (D:7)
  A howler monkey skeleton (D:8)
  4 gnolls (D:5)
  11 adders
  4 shadow imps
  An adder zombie (D:7)
  2 adder skeletons
  3 worms
  A dart slug (D:2)
  4 leopard geckos
  66 orcs
  4 giant cockroaches
  7 goblins
  7 hobgoblins
  23 jackals
  6 quokkas
  3 ball pythons
  2 bats
  7 frilled lizards
  A goblin zombie (D:8)
  19 kobolds
  A leopard gecko skeleton (D:5)
  A leopard gecko zombie (D:5)
  5 rats
  A plant (Depths:1)
633 creatures vanquished.

Vanquished Creatures (collateral kills)
  2 two-headed ogres (Orc:2)
  7 ogres (Orc:2)
9 creatures vanquished.

Vanquished Creatures (others)
  A minotaur (Gauntlet)
  A deep elf archer (D:14)
  A cyclops (Orc:2)
  7 yaktaurs (Depths:1)
  A meliai zombie (D:13)
  4 humans (D:13)
  4 centaurs
  A bullfrog (D:13)
  A quasit (D:15)
  An orc (Orc:2)
  A kobold (D:13)
  2 fungi (D:8)
  A plant (Depths:1)
  2 withered plants (D:15)
28 creatures vanquished.

Grand Total: 670 creatures vanquished

Notes
Turn   | Place    | Note
-------+----------+-------------------------------------------
     0 | D:1      | enkamrat the Minotaur Berserker began the quest for the
                  | Orb.
     0 | D:1      | Reached XP level 1. HP: 19/19 MP: 0/0
   194 | D:1      | Reached XP level 2. HP: 26/27 MP: 1/1
   582 | D:1      | Reached XP level 3. HP: 28/33 MP: 2/2
   696 | D:2      | Found an iron altar of Okawaru.
   773 | D:2      | Reached ** piety under Trog
   958 | D:2      | Noticed a bullfrog
   964 | D:2      | Killed a bullfrog
   964 | D:2      | Reached skill level 5 in Maces & Flails
   964 | D:2      | Reached skill level 1 in Shields
   964 | D:2      | Reached XP level 4. HP: 29/41 MP: 3/3
   979 | D:2      | Found a glowing golden altar of the Shining One.
  1136 | D:2      | Found a deep blue altar of Sif Muna.
  1141 | D:2      | Found a shadowy altar of Dithmenos.
  1155 | D:2      | Found an ancient bone altar of Kikubaaqudgha.
  1166 | D:2      | Found a white marble altar of Elyvilon.
  1264 | D:3      | Noticed Grinder
  1275 | D:3      | Killed Grinder
  1275 | D:3      | Reached skill level 2 in Shields
  1275 | D:3      | Reached XP level 5. HP: 36/47 MP: 4/4
  1275 | D:3      | Reached XP level 6. HP: 40/53 MP: 5/5
  1874 | D:4      | Noticed Eustachio
  1889 | D:4      | Killed Eustachio
  1889 | D:4      | Reached skill level 3 in Shields
  1902 | D:4      | Noticed Natasha
  1908 | D:4      | Killed Natasha
  1908 | D:4      | Reached XP level 7. HP: 60/60 MP: 6/6
  2060 | D:4      | Noticed Natasha
  2066 | D:4      | Killed Natasha
  2093 | D:4      | Reached skill level 4 in Shields
  2345 | D:4      | Reached *** piety under Trog
  2468 | D:4      | Found a bloodstained altar of Trog.
  2575 | D:5      | Entered Level 5 of the Dungeon
  2642 | D:5      | Reached skill level 5 in Fighting
  2660 | D:5      | Reached skill level 5 in Shields
  3136 | D:5      | Reached XP level 8. HP: 48/68 MP: 7/7
  3371 | D:6      | Found an ornate altar of the Wu Jian Council.
  3594 | D:6      | Reached skill level 5 in Armour
  3604 | D:6      | Reached skill level 6 in Shields
  3913 | D:6      | Found a shimmering altar of Xom.
  3914 | D:6      | Found a shimmering altar of Xom.
  3915 | D:6      | Found a shimmering altar of Xom.
  3916 | D:6      | Found a shimmering altar of Xom.
  3948 | D:6      | Found a runed translucent door.
  3949 | D:6      | Noticed Crazy Yiuf
  4258 | D:6      | Killed Crazy Yiuf
  4492 | D:7      | Found a hide-covered altar of Uskayaw.
  4544 | D:7      | Reached skill level 7 in Shields
  4600 | D:7      | Reached **** piety under Trog
  4675 | D:7      | Found a staircase to the Ecumenical Temple.
  4738 | D:7      | Reached XP level 9. HP: 73/75 MP: 8/8
  4838 | D:7      | Found Biugoezaul's Magic Scroll Shoppe.
  4846 | D:7      | Bought a scroll of identify for 28 gold pieces
  4846 | D:7      | Bought a scroll of enchant weapon for 105 gold pieces
  4846 | D:7      | Bought a scroll of identify for 28 gold pieces
  4846 | D:7      | Bought a scroll of identify for 28 gold pieces
  5048 | D:7      | Found a bloodstained altar of Trog.
  5160 | D:7      | Reached skill level 8 in Shields
  5271 | D:8      | Reached skill level 10 in Maces & Flails
  5279 | D:8      | Found a staircase to the Lair.
  5294 | D:8      | Reached skill level 9 in Shields
  5445 | D:8      | Found a runed translucent door.
  5450 | D:8      | Found a basalt altar of Yredelemnul.
  5860 | D:8      | Found Debaisemp's Armour Boutique.
  5935 | D:8      | Reached skill level 10 in Shields
  5935 | D:8      | Reached XP level 10. HP: 82/84 MP: 9/9
  6428 | D:9      | Found a glowing golden altar of the Shining One.
  6486 | D:9      | Reached ***** piety under Trog
  6533 | D:9      | Reached skill level 11 in Shields
  6619 | D:9      | Found a hazy altar of Hepliaklqana.
  7430 | D:10     | Entered Level 10 of the Dungeon
  7517 | D:10     | Found a staircase to the Orcish Mines.
  7917 | D:10     | Reached skill level 12 in Shields
  8309 | D:10     | Found a shimmering altar of Xom.
  8490 | D:10     | Reached XP level 11. HP: 92/92 MP: 10/10
  8889 | D:11     | Found a gate leading to a gauntlet.
  8903 | Gauntlet | Entered a Gauntlet
  8903 | Gauntlet | Found a transporter.
  8903 | Gauntlet | Found a transporter.
  8903 | Gauntlet | Noticed a death scarab
  8911 | Gauntlet | Found a transporter.
  8932 | Gauntlet | Found a transporter.
  8965 | Gauntlet | Found a transporter.
  8969 | Gauntlet | Found a transporter.
  8977 | Gauntlet | Found a transporter.
  8981 | Gauntlet | Found a transporter.
  8989 | Gauntlet | Found a transporter.
  9006 | Gauntlet | Found a transporter.
  9025 | Gauntlet | Found a transporter.
  9026 | Gauntlet | Found a transporter.
  9032 | Gauntlet | Identified the cursed +3 mace "Quajank" {flame, rF++ rN+
                  | Stlth+}
  9166 | Gauntlet | Got a bloodstained hat
  9174 | Gauntlet | Identified the cursed +0 hat "Rus Woat" {*Slow rN+++ MP+9
                  | Int+3} (You found it in a Gauntlet)
  9190 | Gauntlet | Identified the ring "Isyeqora" {rCorr rElec rC- MR+ Dex+2}
  9190 | Gauntlet | Noticed a minotaur
  9207 | Gauntlet | Killed a minotaur
  9207 | Gauntlet | Reached skill level 13 in Shields
  9214 | Gauntlet | Got a sparkling glass ring
  9219 | Gauntlet | Identified the Disquisition on the Traveller
  9223 | Gauntlet | Got a slimy cloak
  9243 | Gauntlet | Identified the +2 cloak "Koavuipa" {*Drain rElec rPois}
                  | (You found it in a Gauntlet)
  9254 | Gauntlet | Identified the ring "Taeptow" {rN+ Str+4 Dex+2} (You found
                  | it in a Gauntlet)
 10005 | D:11     | Found a transporter.
 10010 | D:11     | Noticed Kobolds4U's ghost (journeyman MiFi)
 10244 | D:11     | Found a transporter.
 10590 | D:12     | Noticed a skeletal warrior
 10591 | D:12     | Noticed a skeletal warrior
 10592 | D:12     | Noticed a skeletal warrior
 10609 | D:12     | Killed a skeletal warrior
 10631 | D:12     | Killed a skeletal warrior
 10631 | D:12     | Reached skill level 14 in Shields
 10639 | D:12     | Killed a skeletal warrior
 10851 | D:12     | Noticed Frances
 10867 | D:12     | Killed Frances
 10909 | D:12     | Noticed a deep elf mage
 10911 | D:12     | Noticed Josephine
 10913 | D:12     | Noticed a purple ugly thing
 10913 | D:12     | Noticed a red ugly thing
 10939 | D:12     | Killed a deep elf mage
 10948 | D:12     | Killed Josephine
 10948 | D:12     | Reached skill level 10 in Armour
 10948 | D:12     | Reached XP level 12. HP: 101/101 MP: 11/11
 10966 | D:12     | Reached skill level 15 in Shields
 10975 | D:12     | Reached ****** piety under Trog
 11354 | D:12     | Noticed Snorg
 11463 | D:12     | Killed Snorg
 11873 | D:13     | Received a gift from Trog
 12080 | D:13     | Reached skill level 16 in Shields
 12395 | D:13     | Paralysed by a hornet for 1 turns
 12445 | D:13     | Noticed Kirke
 12486 | D:13     | Killed Kirke
 13369 | D:13     | Reached skill level 5 in Dodging
 13369 | D:13     | Reached XP level 13. HP: 111/111 MP: 12/12
 13629 | Orc:1    | Entered Level 1 of the Orcish Mines
 13761 | Orc:1    | Found a roughly hewn altar of Beogh.
 13889 | Orc:1    | Received a gift from Trog
 14286 | Orc:2    | Entered Level 2 of the Orcish Mines
 14390 | Orc:2    | Reached skill level 10 in Fighting
 14407 | Orc:2    | Found a staircase to the Elven Halls.
 14704 | Orc:2    | Found a roughly hewn altar of Beogh.
 14956 | Orc:2    | Reached skill level 15 in Maces & Flails
 14970 | Orc:2    | Reached skill level 1 in Throwing
 15290 | Orc:2    | Found Udwoec's Assorted Antiques.
 15290 | Orc:2    | Found Sonaa's Assorted Antiques.
 15291 | Orc:2    | Found Xuats's General Store.
 15291 | Orc:2    | Found Lenamuif's Antique Armour Shoppe.
 15308 | Orc:2    | Bought a pair of embroidered boots for 232 gold pieces
 15309 | Orc:2    | Bought a scroll of enchant weapon for 90 gold pieces
 15315 | Orc:2    | Bought a dazzling flail for 212 gold pieces
 15328 | Orc:2    | Identified the cursed +0 flail "Hohof" {flame, Int-5 Dex+4
                  | Stlth+} (You bought it in a shop on level 2 of the Orcish
                  | Mines)
 15334 | Orc:2    | Bought 3 scrolls of identify for 150 gold pieces
 15646 | D:4      | Noticed Natasha
 15654 | D:4      | Killed Natasha
 15881 | D:13     | Received a gift from Trog
 15884 | D:13     | Got a jewelled rapier {god gift}
 15885 | D:13     | Identified the +1 rapier "Duameb" {drain, rF+} (Trog gifted
                  | it to you on level 13 of the Dungeon)
 15968 | D:14     | Reached XP level 14. HP: 124/125 MP: 13/13
 16285 | D:14     | Found a gate to the Vaults.
 17382 | D:15     | Entered Level 15 of the Dungeon
 17802 | D:15     | Received a gift from Trog
 18024 | D:15     | Reached skill level 15 in Fighting
 18466 | D:15     | Found a portal to a secret trove of treasure.
 18858 | D:15     | Found a staircase to the Depths.
 19065 | D:15     | Reached XP level 15. HP: 141/142 MP: 14/14
 19141 | D:15     | Noticed Azrael
 19169 | D:15     | Killed Azrael
 19169 | D:15     | Reached skill level 17 in Shields
 19451 | Depths:1 | Entered Level 1 of the Depths
 19490 | Depths:1 | Found Aqomikh's Gadget Shop.
 19491 | Depths:1 | Found Maqeh's Jewellery Emporium.
 19492 | Depths:1 | Found Igixt's Gadget Shop.
 19646 | Depths:1 | Received a gift from Trog
 19646 | Depths:1 | Reached skill level 5 in Throwing
 20607 | Depths:1 | Received a gift from Trog
 20841 | Depths:1 | Found a gateway to Hell.
 21358 | Depths:1 | Noticed an orc warlord
 21361 | Depths:1 | Noticed an orc warlord
 21373 | Depths:1 | Killed an orc warlord
 21390 | Depths:1 | Killed an orc warlord
 21530 | Depths:2 | Noticed a lich
 21538 | Depths:2 | Reached skill level 18 in Shields
 21540 | Depths:2 | Killed a lich
 21647 | Depths:2 | HP: 7/146 [deep troll earth mage (4)]
 21648 | Depths:2 | Killed from afar by a deep troll earth mage

Skill      XL: |  1  2  3  4  5  6  7  8  9 10 11 12 13 14 15 |
---------------+----------------------------------------------+-----
Maces & Flails | 4 5 6 7 8 9 10 11 12 13 16 | 16.0
Fighting       | 4 5 6 7 8 9 11 15 17 | 17.5
Armour         | 3 4 6 7 8 10 11 12 | 12.1
Shields        | 1 2 3 5 7 10 12 14 16 18 | 18.1
Dodging        | 3 4 5 |  5.8
Throwing       | 1 4 6 |  6.6
Unarmed Combat | |  0.8

Action                   |  1- 3 |  4- 6 |  7- 9 | 10-12 | 13-15 || total
-------------------------+-------+-------+-------+-------+-------++-------
Melee: Mace              |    18 |       |       |   323 |       ||   341
       Headbutt          |    10 |    17 |   112 |   269 |   209 ||   617
       Whip              |    62 |    93 |   496 |   467 |       ||  1118
       Flail             |       |       |       |   173 |    66 ||   239
       Unarmed           |       |       |       |    10 |       ||    10
       Eveningstar       |       |       |       |       |   724 ||   724
Throw: Tomahawk          |       |       |       |     4 |     7 ||    11
Invok: Berserk           |       |     1 |    10 |    17 |    19 ||    47
       Trog's Hand       |       |       |     1 |     4 |     1 ||     6
       Brothers in Arms  |       |       |       |       |     1 ||     1
Evoke: Sack of spiders   |       |       |       |     1 |       ||     1
  Use: Scroll            |       |       |     4 |    11 |    20 ||    35
       Potion            |       |       |       |     1 |       ||     1
 Stab: Sleeping          |     1 |       |       |       |       ||     1
       Distracted        |       |       |       |       |     1 ||     1
       Petrifying        |       |       |       |       |     1 ||     1
  Eat: Chunk             |       |     3 |    19 |    22 |    18 ||    62
       Ration            |       |       |     1 |     7 |     7 ||    15
Armor: Animal skin       |     3 |       |       |       |       ||     3
       Leather armour    |    11 |       |       |       |       ||    11
       Chain mail        |       |    33 |   137 |   137 |       ||   307
       Plate armour      |       |       |       |   157 |   292 ||   449
Dodge: Dodged            |    51 |    19 |    89 |   230 |   195 ||   584
Block: Shield            |     7 |    29 |   200 |   652 |   722 ||  1610
       Reflection        |       |       |       |    29 |    87 ||   116
       Other             |       |       |       |     4 |       ||     4
